 Dungeon Crawl Stone Soup version 0.19.1 (webtiles) character file.

174 theElss the Cudgeler (level 5, 0/51 HPs)
             Began as a Gargoyle Berserker on Dec 3, 2016.
             Was a Believer of Trog.
             Slain by Purgy (4 damage)
             ... on level 4 of the Dungeon.
             The game lasted 00:06:34 (1669 turns).

theElss the Cudgeler (Gargoyle Berserker)           Turns: 1669, Time: 00:06:36

Health: 0/51       AC: 12    Str: 26    XL:     5   Next: 54%
Magic:  5/5        EV: 10    Int:  8    God:    Trog [**....]
Gold:   59         SH:  0    Dex:  9    Spells: 0 memorised, 4 levels left

rFire  . . .     SeeInvis .     o - +2 flail (pain)
rCold  . . .     Gourm    .     k - +0 scale mail
rNeg   + . .     Faith    .     (no shield)
rPois  ∞         Spirit   .     p - +1 hat
rElec  +         Reflect  .     l - +0 cloak
rCorr  .         Harm     .     (no gloves)
MR     ++...                    (no boots)
Stlth  ..........               (no amulet)
                                (no ring)
                                (no ring)

@: berserking, regenerating, very quick
A: negative energy resistance 1, electricity resistance, unbreathing,
petrification resistance, rot immunity, AC +4
a: Berserk, Trog's Hand, Burn Spellbooks, Renounce Religion


You were on level 4 of the Dungeon.
You worshipped Trog.
Trog was pleased with you.
You were near starving.

You visited 1 branch of the dungeon, and saw 4 of its levels.

You collected 59 gold pieces.

Inventory:

Hand Weapons
 a - a +0 mace
 o - a +2 flail of pain (weapon)
Armour
 b - a +0 animal skin
 f - a +0 leather armour
 k - a +0 scale mail (worn)
 l - a +0 cloak (worn)
 p - a +1 hat (worn)
Scrolls
 e - a scroll of noise {unknown}
 g - 2 scrolls of remove curse
 h - a scroll of blinking {unknown}
 i - 3 scrolls of teleportation {unknown}
 m - a scroll of enchant weapon {unknown}
 n - 3 scrolls of recharging {unknown}
 s - a scroll of enchant armour {unknown}
 u - a scroll of fear {unknown}
 w - a scroll of fog {unknown}
Potions
 j - a potion of beneficial mutation {unknown}
 q - a potion of invisibility {unknown}
 r - a potion of haste {unknown}
 t - a potion of degeneration {unknown}
 z - a potion of berserk rage {unknown}
Comestibles
 c - 3 bread rations
 v - 3 chunks of flesh
 x - a meat ration


   Skills:
 + Level 4.6 Fighting
 + Level 5.2 Maces & Flails
 - Level 2.1 Armour
 - Level 1.5 Dodging


You had 4 spell levels left.
You didn't know any spells.

Dungeon Overview and Level Annotations

Branches:
Dungeon (4/15)
 Temple: D:4-7

Altars:
Gozag

Annotations:
D:4 Purgy


Innate Abilities, Weirdness & Mutations

You are resistant to torment.
Your stone body is resilient. (AC +4)
You are immune to poison.
You resist negative energy. (rN+)
You are resistant to electric shocks. (rElec)
You can survive without breathing.
You are immune to petrification.
You are immune to rotting.


Message History

You are feeling hungry.
Unknown command.
A red film seems to cover your vision as you go berserk!
You feel yourself moving faster!
You feel mighty!
You are near starving!
Purgy barely misses you. Purgy claws you.
* * * LOW HITPOINT WARNING * * *
Purgy closely misses you. Something hits you but does no damage.
Unknown command.
You sock Purgy!
Purgy is almost dead.
Purgy closely misses you. Purgy claws you but does no damage.
Purgy barely misses you. The worm barely misses you.
You completely miss Purgy.
Purgy is almost dead.
An orc wizard appears from thin air!
Reactivating autopickup.
The orc wizard hits you but does no damage.
Purgy bites you.
You die...

.#$# # ...# ?
#. #..# .#
... ...###..
.. #.....#
#.##.....#
...#..T.....#
......w@....#
..#####o....#
#######


You could see Purgy, a worm and an orc wizard.

Vanquished Creatures
  An orc priest (D:3)
  5 adders (D:2)
  A gnoll (D:1)
  An ooze (D:2)
  An adder skeleton (D:2)
  4 worms
  A dart slug (D:1)
  2 leopard geckos
  4 orcs (D:3)
  A ball python (D:1)
  4 giant cockroaches
  7 goblins
  8 hobgoblins
  3 quokkas
  6 bats
  4 frilled lizards
  4 kobolds
  A quokka skeleton (D:2)
  7 rats
65 creatures vanquished.

Notes
Turn   | Place    | Note
-------+----------+-------------------------------------------
     0 | D:1      | theElss the Gargoyle Berserker began the quest for the Orb.
     0 | D:1      | Reached XP level 1. HP: 14/14 MP: 1/1
   168 | D:1      | Reached XP level 2. HP: 19/19 MP: 2/2
   404 | D:1      | Reached XP level 3. HP: 24/24 MP: 3/3
   569 | D:1      | Reached ** piety under Trog
   784 | D:2      | Reached skill level 4 in Maces & Flails
   805 | D:2      | Reached XP level 4. HP: 24/29 MP: 4/4
  1192 | D:2      | Found an opulent altar of Gozag.
  1236 | D:2      | Reached XP level 5. HP: 30/34 MP: 5/5
  1479 | D:3      | Reached skill level 5 in Maces & Flails
  1632 | D:3      | Reached *** piety under Trog
  1637 | D:3      | Noticed Purgy
  1664 | D:4      | HP: 1/34 [worm (7)]
  1669 | D:4      | Slain by Purgy

Skill      XL: |  1  2  3  4  5 |
---------------+----------------+-----
Fighting       | 4 |  4.6
Maces & Flails | 4 5 |  5.2
Armour         | |  2.1
Dodging        | |  1.5

Action                   |  1- 3 |  4- 6 || total
-------------------------+-------+-------++-------
Melee: Mace              |    37 |       ||    37
       Flail             |    46 |   136 ||   182
Invok: Berserk           |     1 |     3 ||     4
       Trog's Hand       |       |     1 ||     1
  Use: Scroll            |       |     1 ||     1
       Potion            |       |     1 ||     1
  Eat: Chunk             |     1 |     4 ||     5
Armor: Leather armour    |     6 |       ||     6
       Animal skin       |     2 |       ||     2
       Scale mail        |    41 |   141 ||   182
Dodge: Dodged            |    62 |   148 ||   210
